 Dungeon Crawl Stone Soup version 0.30.0-5-g1a98f26d00 (webtiles) character file.

Game seed: 10303635966663933206

952 McKennaii the Conjurer (level 7, -3/50 HPs)
             Began as a Demigod Conjurer on May 9, 2023.
             Succumbed to a kobold brigand's curare-tipped dart
             ... on level 6 of the Dungeon.
             The game lasted 00:05:09 (7088 turns).

McKennaii the Conjurer (Demigod Conjurer)           Turns: 7088, Time: 00:05:10

Health: -3/50      AC:  7    Str:  8    XL:     7   Next: 59%
Magic:  2/18       EV: 12    Int: 28    God:
Gold:   188        SH:  0    Dex: 12    Spells: 5/17 levels left

rFire   . . .        u - +1 flail (drain)
rCold   + . .        (no shield)
rNeg    . . .        a - +0 robe
rPois   .            (no helmet)
rElec   .            y - +0 cloak
rCorr   .            (no gloves)
SInv    .            (no boots)
Will    .....        (no amulet)
Stlth   ++           m - +4 ring of protection
HPRegen 0.28/turn    s - ring of protection from cold
MPRegen 0.16/turn

%: no passive effects
@: lethally poisoned (-3 -> -28), slowed, very slow
A: high MP 1, forlorn, divine attributes
a: no special abilities


You were on level 6 of the Dungeon.
You visited 1 branch of the dungeon, and saw 6 of its levels.

You collected 188 gold pieces.

Inventory:

Hand Weapons
 u - a +1 flail of draining (weapon)
Armour
 a - a +0 robe (worn)
 y - a +0 cloak (worn)
Jewellery
 m - a +4 ring of protection (left hand)
 s - a ring of protection from cold (right hand)
Scrolls
 c - 3 scrolls of poison {unknown}
 d - a scroll of teleportation {unknown}
 e - 3 scrolls of fear {unknown}
 f - a scroll of torment {unknown}
 g - 8 scrolls of identify {unknown}
 h - 2 scrolls of amnesia {unknown}
 i - a scroll of fog {unknown}
 j - a scroll of vulnerability {unknown}
 n - a scroll of magic mapping {unknown}
 t - a scroll of enchant armour {unknown}
 x - a scroll of acquirement {unknown}
 A - a scroll of noise {unknown}
 B - 3 scrolls of immolation {unknown}
Potions
 b - a potion of magic
 k - a potion of flight {unknown}
 l - 2 potions of heal wounds {unknown}
 o - a potion of cancellation {unknown}
 p - a potion of attraction {unknown}
 q - a potion of might {unknown}
 r - a potion of mutation {unknown}
 v - a potion of curing {unknown}
 w - 2 potions of invisibility {unknown}
 z - a potion of berserk rage {unknown}


   Skills:
 - Level 1.7 Dodging
 - Level 1.7 Stealth
 + Level 5.5 Spellcasting
 + Level 6.9 Conjurations
 * Level 0.1 Fire Magic


You had 5 spell levels left.
You knew the following spells:

 Your Spells              Type           Power      Damage    Failure   Level
a - Magic Dart            Conj           100%       1d8       1%          1
b - Searing Ray           Conj           92%        2d7       1%          2
c - Iskenderun's Mystic   Conj/Tloc      27%        2d7       16%         4
d - Fireball              Conj/Fire      13%        3d7       38%         5

Your spell library contained the following spells:

 Spells                   Type           Power      Damage    Failure   Level
 Foxfire                  Conj/Fire      100%       2x1d9     1%          1
 Dazzling Flash           Conj/Hex       54%        N/A       4%          3
 Cigotuvi's Dreadful Rot  Necr/Pois/Air  14%        N/A       10%         2
 Fulminant Prism          Conj/Hex       13%        3d8       16%         4
 Ignite Poison            Fire/Tmut/Pois 8%         N/A       19%         3
 Freezing Cloud           Conj/Ice/Air   10%        6-21      56%         5
 Starburst                Conj/Fire      13%        6d6       92%         6
 Plasma Beam              Fire/Air       4%         2x1d15    100%        6


Dungeon Overview and Level Annotations

Branches:
Dungeon (6/15)
 Temple: D:4-7

Shops:
D:6 [


Innate Abilities, Weirdness & Mutations

You have an increased reservoir of magic. (+10% MP)
You shall have no god before yourself.
Your divine heritage dramatically boosts your attributes as you level up.


Message History

You are poisoned.
You have difficulty breathing.
You feel yourself slow down.
The searing ray hits the kobold brigand!
The kobold brigand is severely wounded.
You finish channelling your searing ray.
You feel very sick.
A kobold comes into view. It is wielding a +0 dagger.
The kobold brigand throws a curare-tipped dart.
The curare-tipped dart hits you.
You are more poisoned.
You have difficulty breathing.
You feel as though you will be slow longer.
The kobold brigand throws a curare-tipped dart.
The curare-tipped dart closely misses you.
Unknown command.
Casting: Searing Ray (safe; 1% risk of failure)
Confirm with . or Enter, or press ? or * to list all spells.
Aiming: Searing Ray (safe; 1% risk of failure)
Press: ? - help, Shift-Dir - straight line, f - kobold, p - kobold brigand
Aim: a kobold, wielding a +0 dagger and quivering stones (77% to hit)
The searing ray hits the kobold brigand.
The kobold brigand is almost dead.
The searing ray hits the kobold!
You kill the kobold! (Press . to maintain the ray.)
You feel extremely sick.
The kobold brigand throws a curare-tipped dart.
The curare-tipped dart hits you.
You are more poisoned.
You have difficulty breathing.
You feel as though you will be slow longer.
The searing ray misses the kobold brigand.
* * * LOW HITPOINT WARNING * * *
You feel extremely sick.
The kobold brigand throws a curare-tipped dart.
The curare-tipped dart completely misses you.
Unknown command.
The searing ray hits the kobold brigand.
You kill the kobold brigand!
You die...

#.# #.#.. ####### #.#K#
###.....# #.#)# #.....#.#
#.#)# #.###.#.# #.#.##
#.# #.#.# #.)..###.#
#.###.#.########@.(......
#.....#..............###
###.############.........
#.# ##...##### #.# ##.##
#.# .# #.# .. #.# .##
#.### .#


There were no monsters in sight!

Vanquished Creatures
  2 water moccasins
  An ice beast (D:5)
  A phantom (D:5)
  A kobold brigand (D:6)
  3 scorpions (D:5)
  An iron imp (D:4)
  A jelly (D:6)
  A sleepcap (D:5)
  An iguana (D:5)
  2 orc wizards (D:4)
  4 gnolls (D:3)
  2 adders (D:3)
  2 white imps (D:5)
  2 ufetubi
  4 worms
  3 dart slugs
  10 orcs
  6 bats
  8 endoplasms
  4 giant cockroaches
  10 goblins
  10 hobgoblins
  6 jackals
  11 kobolds
  8 quokkas
  9 ball pythons
  7 frilled lizards
  18 rats
138 creatures vanquished.

Notes
Turn   | Place    | Note
-------+----------+-------------------------------------------
     0 | D:1      | McKennaii the Demigod Conjurer began the quest for the Orb.
     0 | D:1      | Reached XP level 1. HP: 14/14 MP: 5/5
   465 | D:1      | Reached XP level 2. HP: 20/20 MP: 2/7
   636 | D:1      | Reached skill level 4 in Conjurations
  1679 | D:2      | Learned a level 2 spell: Searing Ray
  1729 | D:2      | Reached XP level 3. HP: 25/26 MP: 1/9
  2365 | D:2      | Found Raihules's General Store.
  2699 | D:3      | Reached XP level 4. HP: 33/33 MP: 9/11
  4251 | D:4      | Learned a level 4 spell: Iskenderun's Mystic Blast
  4262 | D:4      | Reached XP level 5. HP: 38/38 MP: 10/13
  4307 | D:4      | Reached skill level 5 in Conjurations
  4480 | D:4      | Noticed a water moccasin
  4636 | D:4      | Killed a water moccasin
  4761 | D:4      | Reached XP level 6. HP: 45/45 MP: 7/15
  5388 | D:5      | Entered Level 5 of the Dungeon
  5544 | D:5      | Reached skill level 6 in Conjurations
  5744 | D:5      | Reached skill level 5 in Spellcasting
  5744 | D:5      | Reached XP level 7. HP: 50/50 MP: 9/17
  6792 | D:6      | Found Daotuoqi's Armour Shoppe.
  6796 | D:6      | Noticed a troll
  7017 | D:6      | Learned a level 5 spell: Fireball
  7088 | D:6      | Succumbed to a kobold brigand's curare-tipped dart

Illustrated notes

Levels and vault maps discovered:
D:1:      roderic_crop_circles_arrival_small, layout_loops_corners,
          minmay_door_square, chequers_serial_rivers_small_b
D:2:      layout_rooms, serial_shops, shop, hex_medium
D:3:      layout_basic, minmay_rat_hole
D:4:      layout_rooms, slow_altar_2, serial_rivers,
          chequers_serial_rivers_micro_d, chequers_serial_rivers_marsh,
          chequers_serial_rivers_small_b, chequers_serial_rivers_large_a
D:5:      layout_gridville, nicolae_elyvilon_temple_path, trog_butcher_becter
D:6:      layout_loops_ring, serial_shops, nicolae_shop_crystal

Skill      XL: |  1  2  3  4  5  6 |
---------------+-------------------+-----
Spellcasting   | 2 3 4 5 |  5.5
Conjurations   | 4 5 6 |  6.9
Dodging        | |  1.7
Stealth        | |  1.7
Fire Magic     | |  0.1

Action                     |  1- 3 |  4- 6 |  7- 9 || total
---------------------------+-------+-------+-------++-------
  Melee: Unarmed           |    39 |     1 |       ||    40
         Punch             |     1 |       |       ||     1
   Cast: Magic Dart        |   117 |   139 |    44 ||   300
         Searing Ray       |       |    14 |     6 ||    20
 Armour: Robe              |     5 |    11 |     2 ||    18
  Dodge: Dodged            |    24 |    35 |    10 ||    69
